 Dungeon Crawl Stone Soup version 0.26.1-11-gd32895ea62 (webtiles) character file.

Game seed: 15024188756715360398

25 MajorAdolf the Skirmisher (level 3, 0/40 HPs)
             Began as a Naga Wanderer on July 23, 2021.
             Slain by Terence
             ... wielding a +0 flail
              (3 damage)
             ... on level 1 of the Dungeon.
             The game lasted 00:00:39 (841 turns).

MajorAdolf the Skirmisher (Naga Wanderer)            Turns: 841, Time: 00:00:39

Health: 0/40       AC:  3    Str: 13    XL:     3   Next: 4%
Magic:  3/3        EV:  8    Int: 12    God:
Gold:   88         SH:  0    Dex: 12    Spells: 2/2 levels left

rFire    . . .     SeeInvis +   a - +2 hand crossbow
rCold    . . .     Faith    .   (no shield)
rNeg     . . .     Spirit   .   c - +0 ring mail
rPois    +         Reflect  .   (no helmet)
rElec    .         Harm     .   (no cloak)
rCorr    .         Rampage  .   (no gloves)
Will     .....                  (no barding)
Stlth    +.........             (no amulet)
HPRegen  0.13/turn              j - ring of poison resistance
MPRegen  0.08/turn              (no ring)

@: very slow
A: large, see invisible, deformed body, poison resistance, slowness 2, spit
poison 1, AC +1
a: Spit Poison


You were on level 1 of the Dungeon.
You visited 1 branch of the dungeon, and saw 2 of its levels.

You collected 88 gold pieces.

Inventory:

Hand Weapons
 a - a +2 hand crossbow (weapon)
Missiles
 b - 27 bolts (quivered ammo)
Armour
 c - a +0 ring mail (worn)
Jewellery
 j - a ring of poison resistance (left hand)
Scrolls
 d - a scroll of teleportation
 f - a scroll of identify {unknown}
 g - a scroll of magic mapping {unknown}
Potions
 e - a potion of cancellation {unknown}
 h - 2 potions of flight {unknown}
 i - a potion of heal wounds {unknown}


   Skills:
 + Level 5.7 Fighting
 - Level 1.0 Maces & Flails
 - Level 1.0 Crossbows
 - Level 1.0 Armour
 - Level 1.5 Stealth
 - Level 1.0 Evocations


You had 2 spell levels left.
You didn't know any spells.
Your spell library was empty.

Dungeon Overview and Level Annotations

Branches:
Dungeon (2/15)

Altars:

Annotations:
D:1 Terence


Innate Abilities, Weirdness & Mutations

You cannot wear boots.
Your serpentine skin is tough. (AC +1)
You have supernaturally acute eyesight. (SInv)
Armour fits poorly on your strangely shaped body.
Your system is resistant to poisons. (rPois)
You cover ground very slowly.
You can spit poison.


Message History

Terence is heavily wounded.
The goblin closely misses you. Terence hits you with a +0 flail.
Fire: 29 bolts
Press: ? - help, Q - select action, (/) - cycle Shift-Dir - straight line, f/p - Terence
Aim: Terence, wielding a +0 flail and wearing a +0 scale mail (moderately wounded, 69% to hit)
You shoot a bolt. The bolt hits Terence.
Terence is heavily wounded.
The goblin barely misses you. Terence hits you with a +0 flail.
* * * LOW HITPOINT WARNING * * *
The goblin closely misses you. Terence hits you with a +0 flail.
* * * LOW HITPOINT WARNING * * *
Fire: 28 bolts
Press: ? - help, Q - select action, (/) - cycle Shift-Dir - straight line, f/p - Terence
Aim: Terence, wielding a +0 flail and wearing a +0 scale mail (heavily wounded, 69% to hit)
You shoot a bolt. The bolt hits Terence!
Terence is almost dead.
The goblin hits you with a +0 club.
* * * LOW HITPOINT WARNING * * *
Terence hits you with a +0 flail.
You die...

#.......##.)...#†...#
#.#####.##.#......#.#
#.#.....##.#.######.#
#.#.######........#.# #### #.#.#
###.####.#.### ...########.#.#
#.# #.#.... ##.##.......#.# #.#
#.#....
#.##.#####...########.####.#....
#.##.#...#.###@@g........#.#....
#.##.#.#.#.#.....###.###...#)...
#........#.#.....'.#.......)....
#####.#...#.......#.#.###..[#....
....#.#####..###..#...#.....#....
###.#.#......# #..#####.......#+#
#.#........# #..#########..##.#
#.###.###..###.................
#.# #.# #.......#########..##.#


You could see Terence and a goblin.

Vanquished Creatures
  An adder (D:2)
  A worm (D:1)
  2 dart slugs (D:1)
  A giant cockroach (D:1)
  2 goblins
  A hobgoblin (D:1)
  2 bats
10 creatures vanquished.

Notes
Turn   | Place    | Note
-------+----------+-------------------------------------------
     0 | D:1      | MajorAdolf the Naga Wanderer began the quest for the Orb.
     0 | D:1      | MajorAdolf set off with the following items: a +2 hand
                  | crossbow, 21 bolts, a +0 ring mail, a scroll of
                  | teleportation
     0 | D:1      | Reached XP level 1. HP: 25/25 MP: 1/1
   323 | D:1      | Reached XP level 2. HP: 32/32 MP: 2/2
   832 | D:2      | Noticed Terence
   836 | D:2      | Reached XP level 3. HP: 25/40 MP: 3/3
   841 | D:1      | Slain by Terence

Illustrated notes

Levels and vault maps discovered:
D:1:      dpeg_arrival_brainrot, layout_basic
D:2:      layout_basic, okawaru_ov_weapons_minmay, uniq_terence

Action                   || total
-------------------------++-------
 Fire: Hand crossbow     ||    24
Armor: Ring mail         ||     5
Dodge: Dodged            ||     9
